| TOP OF THE 1ST |
|
Fort Wayne TinCaps batting - Pitching for Hagerstown Suns : LHP Peni Keli'i
|
|
Pitching: LHP Peni Keli'i
|
|
|
Batting: RHB Adrian Cook
|
0-0: Ball 1-0: Swinging Strike 1-1: Foul Ball, location: 2F 1-2: Foul Ball, location: 2F 1-2: Hit by Pitch
|
|
Batting: RHB Marcus Dawson
|
0-0: Ball 1-0: Called Strike 1-1: Foul Ball, location: 2F 1-2: Foul Ball, location: 2F 1-2: Fly out, F8 (Flyball, 78M, EV 89.4 MPH)
|
|
Batting: LHB Justin Alworth
|
0-0: SINGLE (Groundball, 4, EV 95.0 MPH) Adrian Cook to second Runner from 2nd tries for 3rd, SAFE, throw by CF made at trailing runner, OUT! 8-6
|
|
Batting: RHB Dave Cordero
|
0-0: Foul Ball, location: 2F 0-1: Called Strike 0-2: Ball 1-2: Foul Ball, location: 2F 1-2: Ball 2-2: Strikes out swinging, 2-3 out at first.
|
| Top of the 1st over - 0 runs, 1 hit, 0 errors, 1 left on base; Fort Wayne 0 - Hagerstown 0 |
| BOTTOM OF THE 1ST |
|
Hagerstown Suns batting - Pitching for Fort Wayne TinCaps : LHP Juan Lopez
|
|
Pitching: LHP Juan Lopez
|
|
|
Batting: RHB Leo Gutierrez
|
0-0: Foul Ball, location: 2F 0-1: Ball 1-1: Ball 2-1: Foul Ball, location: 2F 2-2: SINGLE (Groundball, 34D, EV 98.8 MPH)
|
|
Batting: RHB Lamar Thornton
|
0-0: Ball 1-0: Foul Ball, location: 2F 1-1: Ball 2-1: DOUBLE (Flyball, 78XD, EV 105.0 MPH) Leo Gutierrez to third
|
|
Batting: RHB Tylor Cyr
|
0-0: Ground out 3-1 (Groundball, 34, EV 98.1 MPH) Leo Gutierrez scores Lamar Thornton to third
|
|
Batting: RHB Bryan Wheeler
|
0-0: Ball 1-0: Called Strike 1-1: Foul Ball, location: 2F 1-2: Foul Ball, location: 2F 1-2: 2-RUN HOME RUN (Flyball, 7D, EV 93.1 MPH), Distance : 369 ft
|
|
Batting: RHB Justin Davenport
|
0-0: SOLO HOME RUN (Flyball, 7LD, EV 91.9 MPH), Distance : 351 ft
|
|
Batting: RHB Travis Stanley
|
0-0: Called Strike 0-1: Swinging Strike 0-2: Ball 1-2: Strikes out looking
|
|
Batting: RHB Scott Skoglund
|
0-0: Called Strike 0-1: Called Strike 0-2: Foul Ball, location: 2F 0-2: Reached on error, E6 (Groundball, 6, EV 105.0 MPH)
|
|
Batting: LHB Adam Jacobs
|
0-0: Called Strike 0-1: Foul Ball, location: 2F 0-2: SINGLE (Line Drive, 34, EV 94.4 MPH) Scott Skoglund to second Throwing error, E9 Scott Skoglund scores Adam Jacobs to second
|
|
Batting: LHB Adam Lancaster
|
0-0: Called Strike 0-1: Ball 1-1: Ground out U3 (Groundball, 3L, EV 103.8 MPH)
|
| Bottom of the 1st over - 5 runs, 5 hits, 2 errors, 1 left on base; Fort Wayne 0 - Hagerstown 5 |
| TOP OF THE 2ND |
|
Fort Wayne TinCaps batting - Pitching for Hagerstown Suns : LHP Peni Keli'i
|
|
Batting: LHB Sean Trueblood
|
0-0: Ball 1-0: SINGLE (Groundball, 4MD, EV 98.8 MPH)
|
|
Batting: LHB Chad Cutler
|
0-0: Ball 1-0: Ball 2-0: Ball 3-0: Base on Balls Sean Trueblood to second
|
|
Batting: RHB Danny Gallegos
|
0-0: Ball 1-0: Ball 2-0: Swinging Strike 2-1: Ball 3-1: Called Strike 3-2: Foul Ball, location: 2F 3-2: Grounds into double play, 6-4-3 (Groundball, 6, EV 91.9 MPH) Sean Trueblood to third
|
|
Batting: LHB Ryan Anderson
|
0-0: Called Strike 0-1: Ball 1-1: Ball 2-1: Foul Ball, location: 2F 2-2: SINGLE (Groundball, 6D, EV 101.2 MPH) Sean Trueblood scores
|
|
Batting: RHB Ricky Trejo
|
0-0: Called Strike 0-1: Ball 1-1: Ball 2-1: Called Strike 2-2: Strikes out swinging
|
| Top of the 2nd over - 1 run, 2 hits, 0 errors, 1 left on base; Fort Wayne 1 - Hagerstown 5 |
| BOTTOM OF THE 2ND |
|
Hagerstown Suns batting - Pitching for Fort Wayne TinCaps : LHP Juan Lopez
|
|
Batting: RHB Leo Gutierrez
|
0-0: Ball 1-0: SINGLE (Groundball, 56D, EV 106.2 MPH)
|
|
Batting: RHB Lamar Thornton
|
0-0: Called Strike 0-1: SINGLE (Line Drive, 56, EV 98.8 MPH) Leo Gutierrez to second
|
|
Batting: RHB Tylor Cyr
|
0-0: Called Strike 0-1: Ball Lamar Thornton steals 2nd base Leo Gutierrez steals 3rd base 1-1: Ground out U3 (Groundball, 34S, EV 92.5 MPH) Leo Gutierrez scores Lamar Thornton to third
|
|
Pitching: RHP Kurt Loscalzo
|
|
|
Batting: RHB Bryan Wheeler
|
0-0: Ball 1-0: Ball 2-0: Ball 3-0: Base on Balls
|
|
Batting: RHB Justin Davenport
|
0-0: Ball 1-0: Called Strike 1-1: Called Strike 1-2: SINGLE (Groundball, 6D, EV 101.9 MPH) Lamar Thornton scores Bryan Wheeler to second
|
|
Batting: RHB Travis Stanley
|
0-0: Ball 1-0: Ball 2-0: Called Strike 2-1: Fielders Choice at 2nd, 5-4 (Groundball, 56, EV 103.1 MPH) Bryan Wheeler to third
|
|
Batting: RHB Scott Skoglund
|
0-0: Swinging Strike 0-1: Ball 1-1: Foul Ball, location: 2F 1-2: Foul Ball, location: 2F 1-2: Ball 2-2: Strikes out swinging
|
| Bottom of the 2nd over - 2 runs, 3 hits, 0 errors, 2 left on base; Fort Wayne 1 - Hagerstown 7 |
| TOP OF THE 3RD |
|
Fort Wayne TinCaps batting - Pitching for Hagerstown Suns : LHP Peni Keli'i
|
|
Batting: RHB Adrian Cook
|
0-0: Ball 1-0: Ball 2-0: Called Strike 2-1: Fly out, F9 (Flyball, 89S, EV 86.9 MPH)
|
|
Batting: RHB Marcus Dawson
|
0-0: Ground out 4-3 (Groundball, 4, EV 85.6 MPH)
|
|
Batting: LHB Justin Alworth
|
0-0: Ball 1-0: Foul Ball, location: 2F 1-1: Ball 2-1: DOUBLE (Flyball, 89D, EV 93.8 MPH)
|
|
Batting: RHB Dave Cordero
|
0-0: Called Strike 0-1: Ball 1-1: Ball 2-1: SINGLE (Groundball, 6MD, EV 106.2 MPH) Justin Alworth to third Runner from 3rd tries for Home, throw by CF and OUT! 8-2
|
| Top of the 3rd over - 0 runs, 2 hits, 0 errors, 1 left on base; Fort Wayne 1 - Hagerstown 7 |
| BOTTOM OF THE 3RD |
|
Hagerstown Suns batting - Pitching for Fort Wayne TinCaps : RHP Kurt Loscalzo
|
|
Batting: LHB Adam Jacobs
|
0-0: Ball 1-0: Ground out 5-3 (Groundball, 56, EV 86.2 MPH)
|
|
Batting: LHB Adam Lancaster
|
0-0: Called Strike 0-1: Ball 1-1: Ball 2-1: DOUBLE (Flyball, 78D, EV 99.4 MPH)
|
|
Batting: RHB Leo Gutierrez
|
0-0: Called Strike 0-1: Called Strike 0-2: Ball 1-2: SINGLE (Line Drive, 89S, EV 103.8 MPH) Adam Lancaster to third
|
|
Pitching: RHP Juan Isidro
|
|
|
Batting: RHB Lamar Thornton
|
0-0: Called Strike Leo Gutierrez is caught stealing 2nd base 2-4 0-1: Called Strike 0-2: Ball 1-2: Strikes out looking
|
| Bottom of the 3rd over - 0 runs, 2 hits, 0 errors, 1 left on base; Fort Wayne 1 - Hagerstown 7 |
| TOP OF THE 4TH |
|
Fort Wayne TinCaps batting - Pitching for Hagerstown Suns : LHP Peni Keli'i
|
|
Batting: LHB Sean Trueblood
|
0-0: Ball 1-0: Called Strike 1-1: Ball 2-1: Foul Ball, location: 2F 2-2: Strikes out looking
|
|
Batting: LHB Chad Cutler
|
0-0: Called Strike 0-1: Ball 1-1: Ball 2-1: Fly out, F7 (Flyball, 7LM, EV 76.2 MPH)
|
|
Batting: RHB Danny Gallegos
|
0-0: Called Strike 0-1: Ball 1-1: Called Strike 1-2: Ground out U3 (Groundball, 3L, EV 97.5 MPH)
|
| Top of the 4th over - 0 runs, 0 hits, 0 errors, 0 left on base; Fort Wayne 1 - Hagerstown 7 |
| BOTTOM OF THE 4TH |
|
Hagerstown Suns batting - Pitching for Fort Wayne TinCaps : RHP Juan Isidro
|
|
Batting: RHB Tylor Cyr
|
0-0: Ball 1-0: Foul Ball, location: 2F 1-1: Ball 2-1: Swinging Strike 2-2: Strikes out swinging
|
|
Batting: RHB Bryan Wheeler
|
0-0: Foul Ball, location: 2F 0-1: SINGLE (Flyball, 78S, EV 93.1 MPH)
|
|
Batting: RHB Justin Davenport
|
0-0: Called Strike 0-1: Ball 1-1: Foul Ball, location: 2F 1-2: Ball 2-2: Foul Ball, location: 2F 2-2: Strikes out swinging
|
|
Batting: RHB Travis Stanley
|
0-0: Ball 1-0: Ground out U3 (Groundball, 3L, EV 79.4 MPH)
|
| Bottom of the 4th over - 0 runs, 1 hit, 0 errors, 1 left on base; Fort Wayne 1 - Hagerstown 7 |
| TOP OF THE 5TH |
|
Fort Wayne TinCaps batting - Pitching for Hagerstown Suns : LHP Peni Keli'i
|
|
Batting: LHB Ryan Anderson
|
0-0: Called Strike 0-1: Hit by Pitch
|
|
Batting: RHB Ricky Trejo
|
0-0: Ball 1-0: Ball 2-0: Called Strike 2-1: Swinging Strike 2-2: Foul Ball, location: 2F 2-2: Ball 3-2: Reached on error, E4 (Groundball, 4M, EV 92.5 MPH) Ryan Anderson to second
|
|
Batting: RHB Adrian Cook
|
0-0: Ball 1-0: Grounds into double play, 4-6-3 (Groundball, 4, EV 83.8 MPH) Ryan Anderson to third
|
|
Batting: RHB Marcus Dawson
|
0-0: Ball 1-0: Foul Ball, location: 2F 1-1: SINGLE (Groundball, 56D, EV 99.4 MPH) Ryan Anderson scores
|
|
Batting: LHB Justin Alworth
|
0-0: Ball 1-0: Swinging Strike 1-1: Foul Ball, location: 2F 1-2: Strikes out swinging
|
| Top of the 5th over - 1 run, 1 hit, 1 error, 1 left on base; Fort Wayne 2 - Hagerstown 7 |
| BOTTOM OF THE 5TH |
|
Hagerstown Suns batting - Pitching for Fort Wayne TinCaps : RHP Juan Isidro
|
|
Batting: RHB Scott Skoglund
|
0-0: Called Strike 0-1: Called Strike 0-2: Foul Ball, location: 2F 0-2: Ball 1-2: Ball 2-2: Strikes out swinging
|
|
Batting: LHB Adam Jacobs
|
0-0: Foul Ball, location: 2F 0-1: Ball 1-1: Fly out, F7 (Flyball, 78M, EV 86.2 MPH)
|
|
Batting: LHB Adam Lancaster
|
0-0: Foul Ball, location: 2F 0-1: Ball 1-1: Foul Ball, location: 2F 1-2: DOUBLE (Line Drive, 5D, EV 106.2 MPH)
|
|
Batting: RHB Leo Gutierrez
|
0-0: Ball 1-0: Ball 2-0: Fly out, F8 (Flyball, 8LD, EV 83.8 MPH)
|
| Bottom of the 5th over - 0 runs, 1 hit, 0 errors, 1 left on base; Fort Wayne 2 - Hagerstown 7 |
| TOP OF THE 6TH |
|
Fort Wayne TinCaps batting - Pitching for Hagerstown Suns : LHP Peni Keli'i
|
|
Batting: RHB Dave Cordero
|
0-0: Ball 1-0: Ball 2-0: DOUBLE (Flyball, 8LXD, EV 105.0 MPH)
|
|
Batting: LHB Sean Trueblood
|
0-0: Ball 1-0: Ball 2-0: Foul Ball, location: 2F 2-1: Called Strike 2-2: Foul Ball, location: 2F 2-2: Strikes out swinging
|
|
Pitching: RHP Danny Hoekenga
|
|
|
Batting: LHB Chad Cutler
|
0-0: Ball 1-0: Fly out, F2 (Popup, 25F, EV 88.8 MPH)
|
|
Pinch Hitting: LHB Javy Portela
|
0-0: Ground out 1-3 (Groundball, 34S, EV 69.4 MPH)
|
| Top of the 6th over - 0 runs, 1 hit, 0 errors, 1 left on base; Fort Wayne 2 - Hagerstown 7 |
| BOTTOM OF THE 6TH |
|
Hagerstown Suns batting - Pitching for Fort Wayne TinCaps : RHP Juan Isidro
|
|
Now in LF: Adrian Cook
|
|
|
Now in CF: Chad Cutler
|
|
|
Now in RF: Javy Portela
|
|
|
Batting: RHB Lamar Thornton
|
0-0: Foul Ball, location: 2F 0-1: Fly out, F9 (Flyball, 89S, EV 86.9 MPH)
|
|
Batting: RHB Tylor Cyr
|
0-0: Ball 1-0: Called Strike 1-1: Swinging Strike 1-2: Ball 2-2: Ball 3-2: Foul Ball, location: 2F 3-2: SINGLE (Flyball, 8RS, EV 97.5 MPH)
|
|
Batting: RHB Bryan Wheeler
|
0-0: Ball 1-0: Foul Ball, location: 2F 1-1: Ball 2-1: Ball 3-1: Foul Ball, location: 2F 3-2: Fielders Choice at 2nd, 5-4 (Groundball, 5S, EV 83.1 MPH)
|
|
Pitching: LHP David Hoch
|
|
|
Batting: RHB Justin Davenport
|
0-0: Ball 1-0: Called Strike 1-1: Swinging Strike 1-2: Ball 2-2: Foul Ball, location: 2F 2-2: Foul Ball, location: 2F 2-2: 2-RUN HOME RUN (Flyball, 7D, EV 96.9 MPH), Distance : 378 ft
|
|
Batting: RHB Travis Stanley
|
0-0: Ball 1-0: Ball 2-0: Called Strike 2-1: Foul Ball, location: 2F 2-2: Strikes out looking
|
| Bottom of the 6th over - 2 runs, 2 hits, 0 errors, 0 left on base; Fort Wayne 2 - Hagerstown 9 |
| TOP OF THE 7TH |
|
Fort Wayne TinCaps batting - Pitching for Hagerstown Suns : RHP Danny Hoekenga
|
|
Batting: LHB Ryan Anderson
|
0-0: Called Strike 0-1: Ball 1-1: Foul Ball, location: 2F 1-2: Ball 2-2: Foul Ball, location: 2F 2-2: Strikes out swinging
|
|
Pinch Hitting: SHB Cesar Arteaga
|
0-0: Swinging Strike 0-1: Foul Ball, location: 2F 0-2: Ball 1-2: Ball 2-2: Ball 3-2: Foul Ball, location: 2F 3-2: Foul Ball, location: 2F 3-2: Foul Ball, location: 2F 3-2: TRIPLE (Line Drive, 8LXD, EV 100.0 MPH)
|
|
Batting: RHB Adrian Cook
|
0-0: Ball 1-0: Foul Ball, location: 2F 1-1: Fly out, F4 (Line Drive, 4, EV 64.4 MPH)
|
|
Batting: RHB Marcus Dawson
|
0-0: Ball 1-0: Ball 2-0: Ball 3-0: Base on Balls
|
|
Batting: LHB Justin Alworth
|
0-0: Called Strike 0-1: Called Strike 0-2: Ball 1-2: Fly out, F8 (Flyball, 8LXD, EV 100.6 MPH)
|
| Top of the 7th over - 0 runs, 1 hit, 0 errors, 2 left on base; Fort Wayne 2 - Hagerstown 9 |
| BOTTOM OF THE 7TH |
|
Hagerstown Suns batting - Pitching for Fort Wayne TinCaps : LHP David Hoch
|
|
Now at 2B: Cesar Arteaga
|
|
|
Now at 3B: Dave Cordero
|
|
|
Batting: RHB Scott Skoglund
|
0-0: Ball 1-0: Called Strike 1-1: Ball 2-1: Swinging Strike 2-2: Foul Ball, location: 2F 2-2: Ball 3-2: Foul Ball, location: 2F 3-2: Foul Ball, location: 2F 3-2: SINGLE (Line Drive, 78S, EV 108.8 MPH)
|
|
Batting: LHB Adam Jacobs
|
0-0: Reached on error, E6 (Groundball, 6MS, EV 65.0 MPH) Scott Skoglund to second
|
|
Batting: LHB Adam Lancaster
|
0-0: Foul Ball, location: 2F 0-1: Called Strike 0-2: Foul Ball, location: 2F 0-2: Ball 1-2: Ball 2-2: Ball 3-2: Base on Balls Scott Skoglund to third Adam Jacobs to second
|
|
Batting: RHB Leo Gutierrez
|
0-0: Ball 1-0: Foul Ball, location: 2F 1-1: Ball 2-1: Ball 3-1: Called Strike 3-2: Foul Ball, location: 2F 3-2: Fly out, F8 (Line Drive, 8LM, EV 95.0 MPH) Runner from 3rd tags up, SCORES, throw by CF
|
|
Batting: RHB Lamar Thornton
|
0-0: Swinging Strike 0-1: Swinging Strike 0-2: Ball 1-2: Ball 2-2: Foul Ball, location: 2F 2-2: Ball 3-2: SINGLE (Groundball, 34D, EV 104.4 MPH) Adam Jacobs to third Adam Lancaster to second
|
|
Pitching: RHP Jaylen Johnson
|
|
|
Batting: RHB Tylor Cyr
|
0-0: Called Strike 0-1: Ball 1-1: Foul Ball, location: 2F 1-2: Strikes out swinging
|
|
Batting: RHB Bryan Wheeler
|
0-0: Ball 1-0: Called Strike 1-1: Swinging Strike 1-2: Foul Ball, location: 2F 1-2: Ball 2-2: Strikes out looking
|
| Bottom of the 7th over - 1 run, 2 hits, 1 error, 3 left on base; Fort Wayne 2 - Hagerstown 10 |
| TOP OF THE 8TH |
|
Fort Wayne TinCaps batting - Pitching for Hagerstown Suns : RHP Danny Hoekenga
|
|
Batting: RHB Dave Cordero
|
0-0: Called Strike 0-1: Fly out, F8 (Flyball, 89XD, EV 88.8 MPH)
|
|
Batting: LHB Sean Trueblood
|
0-0: Ball 1-0: Ground out 6-3 (Groundball, 6S, EV 90.6 MPH)
|
|
Batting: LHB Chad Cutler
|
0-0: Ball 1-0: Ball 2-0: Ball 3-0: Base on Balls
|
|
Pitching: LHP Kevin Besser
|
|
|
Batting: LHB Javy Portela
|
0-0: Called Strike 0-1: Ball 1-1: Called Strike 1-2: Strikes out swinging
|
| Top of the 8th over - 0 runs, 0 hits, 0 errors, 1 left on base; Fort Wayne 2 - Hagerstown 10 |
| BOTTOM OF THE 8TH |
|
Hagerstown Suns batting - Pitching for Fort Wayne TinCaps : RHP Jaylen Johnson
|
|
Batting: RHB Justin Davenport
|
0-0: Ball 1-0: Ball 2-0: Called Strike 2-1: Ball 3-1: Base on Balls
|
|
Batting: RHB Travis Stanley
|
0-0: Ball 1-0: Called Strike 1-1: Swinging Strike 1-2: Hit by Pitch Justin Davenport to second
|
|
Batting: RHB Scott Skoglund
|
0-0: Called Strike 0-1: SINGLE (Groundball, 56S, EV 69.4 MPH) (infield hit) Justin Davenport to third Travis Stanley to second
|
|
Batting: LHB Adam Jacobs
|
0-0: Swinging Strike 0-1: SINGLE (Flyball, 78S, EV 85.0 MPH) Justin Davenport scores Travis Stanley to third Scott Skoglund to second
|
|
Batting: LHB Adam Lancaster
|
0-0: Ball 1-0: Swinging Strike 1-1: Foul Ball, location: 2F 1-2: Ball 2-2: Ball 3-2: Base on Balls Travis Stanley scores Scott Skoglund to third Adam Jacobs to second
|
|
Batting: RHB Leo Gutierrez
|
0-0: Called Strike 0-1: Called Strike 0-2: Foul Ball, location: 2F 0-2: Strikes out swinging
|
|
Batting: RHB Lamar Thornton
|
0-0: Ball 1-0: Foul Ball, location: 2F 1-1: SINGLE (Line Drive, 3D, EV 100.0 MPH) Scott Skoglund scores Adam Jacobs to third Adam Lancaster to second
|
|
Batting: RHB Tylor Cyr
|
0-0: Ball 1-0: Called Strike 1-1: Fly out, F8 (Flyball, 89D, EV 107.5 MPH) Runner from 3rd tags up, SCORES, throw by CF Adam Lancaster to third
|
|
Batting: RHB Bryan Wheeler
|
0-0: Called Strike 0-1: Ball 1-1: Ground out U3 (Groundball, 34S, EV 89.4 MPH)
|
| Bottom of the 8th over - 4 runs, 3 hits, 0 errors, 2 left on base; Fort Wayne 2 - Hagerstown 14 |
| TOP OF THE 9TH |
|
Fort Wayne TinCaps batting - Pitching for Hagerstown Suns : LHP Kevin Besser
|
|
Batting: LHB Ryan Anderson
|
0-0: Ball 1-0: Foul Ball, location: 2F 1-1: Swinging Strike 1-2: Ball 2-2: Foul Ball, location: 2F 2-2: Strikes out looking
|
|
Batting: SHB Cesar Arteaga
|
0-0: Ball 1-0: Ball 2-0: TRIPLE (Line Drive, 89XD, EV 105.0 MPH)
|
|
Batting: RHB Adrian Cook
|
0-0: Swinging Strike 0-1: Called Strike 0-2: Strikes out looking
|
|
Batting: RHB Marcus Dawson
|
0-0: Ball 1-0: Ball 2-0: Called Strike 2-1: Ball 3-1: Called Strike 3-2: Foul Ball, location: 2F 3-2: Base on Balls
|
|
Batting: LHB Justin Alworth
|
0-0: Called Strike 0-1: Fly out, F8 (Flyball, 8RM, EV 81.2 MPH)
|
| Top of the 9th over - 0 runs, 1 hit, 0 errors, 2 left on base; Fort Wayne 2 - Hagerstown 14 |
|